 Dungeon Crawl Stone Soup version 0.29-a0-321-gf1c400731a (webtiles) character file.

Game seed: 16951867798393879540

4046 YayAnonymity the Cleaver (level 10, -12/73 HPs)
             Began as a Formicid Fighter on Apr 3, 2022.
             Was a Follower of Qazlal.
             Mangled by an orc knight
             ... wielding a +0 dire flail
              (20 damage)
             ... on level 7 of the Dungeon.
             The game lasted 00:14:16 (7956 turns).

YayAnonymity the Cleaver (Formicid Fighter)         Turns: 7956, Time: 00:14:17

Health: -12/73     AC: 15    Str: 25    XL:     10   Next: 48%
Magic:  12/12      EV: 10    Int:  8    God:    Qazlal [*.....]
Gold:   413        SH: 12    Dex: 10    Spells: 9/9 levels left

rFire   + . .      SeeInvis +   I - +3 hand axe (venom)
rCold   . . .      Faith    .   c - +0 buckler
rNeg    . . .      Spirit   .   D - +0 swamp dragon scales
rPois   +          Reflect  +   (helmet unavailable)
rElec   .          Harm     .   j - +1 cloak
rCorr   .          Rampage  .   q - +2 pair of gloves
Will    ++...                   d - +0 pair of boots
Stlth   ..........              p - amulet of reflection
HPRegen 0.22/turn               r - ring of willpower
MPRegen 0.13/turn               g - ring of protection from fire

@: no status effects
A: permanent stasis, dig shafts and tunnels, antennae 3, four strong arms
a: Dig, Shaft Self, Renounce Religion


You were on level 7 of the Dungeon.
You worshipped Qazlal.
Qazlal was aware of your devotion.
You visited 2 branches of the dungeon, and saw 8 of its levels.

You collected 437 gold pieces.
You spent 24 gold pieces at shops.

Inventory:

Hand Weapons
 a - a +0 war axe
 v - a +2 flail of draining
 C - a +0 morningstar
 I - a +3 hand axe of venom (weapon)
Missiles
 e - 14 boomerangs (quivered)
 h - 2 throwing nets
 o - 12 poisoned darts
Armour
 c - a +0 buckler (worn)
 d - a +0 pair of boots (worn)
 j - a +1 cloak (worn)
 q - a +2 pair of gloves (worn)
 u - a +0 plate armour
 D - +0 swamp dragon scales (worn)
Jewellery
 g - a ring of protection from fire (right hand)
 p - an amulet of reflection (around neck)
 r - a ring of willpower (left hand)
 G - a ring of willpower
Wands
 m - a wand of acid (17)
 y - a wand of digging (5)
Scrolls
 f - 2 scrolls of enchant armour
 i - 2 scrolls of noise
 w - a scroll of holy word
 x - 2 scrolls of amnesia
 E - a scroll of summoning {unknown}
 F - a scroll of fear
Potions
 b - a potion of attraction
 k - 2 potions of invisibility
 l - 2 potions of cancellation
 n - 2 potions of heal wounds
 s - 3 potions of curing
 z - a potion of flight
 A - a potion of lignification
 B - a potion of mutation {unknown}


   Skills:
 + Level 4.6 Fighting
 * Level 12.2 Axes
 - Level 5.0 Armour
 - Level 8.0 Shields
 + Level 3.3 Invocations


You had 9 spell levels left.
You didn't know any spells.
Your spell library contained the following spells:

 Spells                   Type           Power      Damage    Failure   Level
 Beastly Appendage        Tmut           0%         N/A       58%         1
 Wereblood                Tmut           0%         N/A       75%         2
 Spider Form              Tmut/Pois      0%         N/A       92%         3


Dungeon Overview and Level Annotations

Branches:
Dungeon (7/15)             Temple (1/1) D:6

Altars:
Elyvilon
Gozag
Hepliaklqana
Kikubaaqudgha
Okawaru
Qazlal
Ru
Trog
Vehumet
Zin

Shops:
D:1 ??*=*

Annotations:
D:3 2 runed translucent doors, zazu2006's ghost, amateur GnWn


Innate Abilities, Weirdness & Mutations

You cannot be hasted, slowed, berserked, paralysed or teleported.
You can dig through walls and to a lower floor.
You have a pair of large antennae on your head. (SInv)
Your four strong arms can wield two-handed weapons with a shield.


Message History

The orc knight hits you with a +0 dire flail.
You closely miss the orc knight.
The orc knight is moderately wounded.
You block the orc knight's attack.
You hit the orc knight but do no damage.
The orc knight looks as sick as possible!
The orc knight is moderately wounded.
You hit the orc knight.
The orc knight looks as sick as possible!
The orc knight is moderately wounded.
The orc knight hits you with a +0 dire flail!
* * * LOW HITPOINT WARNING * * *
You hit the orc knight but do no damage.
The orc knight looks as sick as possible!
The orc knight is heavily wounded.
The orc knight hits you with a +0 dire flail.
* * * LOW HITPOINT WARNING * * *
You hit the orc knight but do no damage.
The orc knight looks as sick as possible!
The orc knight is heavily wounded.
You block the orc knight's attack.
You hit the orc knight but do no damage.
The orc knight looks as sick as possible!
The orc knight is heavily wounded.
You completely miss the orc knight.
The orc knight is heavily wounded.
The orc knight closely misses you.
You slash the orc knight!
The orc knight looks as sick as possible!
The orc knight is severely wounded.
The orc knight hits you with a +0 dire flail!
* * * LOW HITPOINT WARNING * * *
You hit the orc knight.
The orc knight looks as sick as possible!
The orc knight is severely wounded.
You hit the orc knight.
The orc knight looks as sick as possible!
The orc knight is almost dead.
The orc knight hits you with a +0 dire flail!!
You die...

..#.# #..## #.#[#)#)# # #.#.##
##..###.#o....# ## # #..#
##.....'.....# #. # ##.##
#####.#.....# ##. # #..## #.#
#(#)# ##.. #.###..### #.#######.#
###..#
#....#...#####.........#####...##
####.###.....#####'#####.....###
.....# #####...†@o)......#..##
.###### ########☼#).........#
.......{.........#.##.......#
####### ########...##.#######
######.# #.. { ###


You could see an orc knight (extremely poisoned).

Vanquished Creatures
  Maggie (D:6)
  Menkaure (D:6)
  A warg (D:7)
  Edmund (D:4)
  A water moccasin (D:5)
  3 sky beasts (D:5)
  An orc warrior (D:7)
  4 black bears
  3 ice beasts
  2 centaurs (D:7)
  5 ogres
  A kobold brigand (D:7)
  2 phantoms (D:4)
  5 scorpions
  3 wights (D:6)
  5 killer bees (D:7)
  A howler monkey (D:5)
  2 hounds
  An orc priest (D:7)
  A gnoll shaman (D:5)
  4 jellies
  6 iguanas
  Jessica (D:3)
  5 orc wizards
  5 gnolls
  9 adders
  An ufetubus (D:6)
  2 worms (D:2)
  3 dart slugs
  28 orcs
  8 ball pythons
  2 endoplasms
  17 giant cockroaches
  10 goblins
  5 hobgoblins
  8 jackals (D:1)
  4 quokkas
  10 bats
  A frilled lizard (D:2)
  10 kobolds
  5 rats
188 creatures vanquished.

Notes
Turn   | Place    | Note
-------+----------+-------------------------------------------
     0 | D:1      | YayAnonymity the Formicid Fighter began the quest for the
                  | Orb.
     0 | D:1      | Reached XP level 1. HP: 18/18 MP: 1/1
   314 | D:1      | Reached XP level 2. HP: 23/24 MP: 2/2
   579 | D:1      | Reached XP level 3. HP: 25/29 MP: 3/3
   653 | D:1      | Found Huimien's Magic Scroll Shop.
   672 | D:1      | Bought a scroll of identify for 24 gold pieces
   722 | D:1      | Found Ynaka's Assorted Antiques.
   728 | D:1      | Reached skill level 3 in Axes
   736 | D:1      | Found Heomic's Magic Scroll Shop.
   775 | D:1      | Found Zufox's Jewellery Shoppe.
   783 | D:1      | Found a faded altar of an unknown god.
  1037 | D:1      | Reached XP level 4. HP: 23/35 MP: 4/4
  1244 | D:1      | Found Karus's Assorted Antiques.
  2487 | D:3      | Reached XP level 5. HP: 41/41 MP: 5/5
  2541 | D:3      | Found a runed translucent door.
  3283 | D:3      | Noticed Jessica
  3285 | D:3      | Found a runed translucent door.
  3288 | D:3      | Noticed zazu2006's ghost (amateur GnWn)
  3291 | D:3      | Killed Jessica
  3292 | D:3      | Reached skill level 4 in Axes
  3431 | D:4      | Noticed a phantom
  3446 | D:4      | Killed a phantom
  3447 | D:4      | Reached skill level 5 in Shields
  3447 | D:4      | Reached XP level 6. HP: 35/47 MP: 6/6
  3602 | D:4      | Noticed an ogre
  3617 | D:4      | Killed an ogre
  3618 | D:4      | Reached skill level 5 in Axes
  3623 | D:4      | Reached XP level 7. HP: 25/52 MP: 7/7
  3816 | D:4      | Noticed Edmund
  3826 | D:4      | Reached skill level 5 in Armour
  3833 | D:4      | HP: 2/43 [Edmund/+2 flail of draining (3)]
  3839 | D:4      | Killed Edmund
  4020 | D:4      | Reached skill level 6 in Axes
  4561 | D:4      | Reached XP level 8. HP: 54/58 MP: 8/8
  4610 | D:5      | Entered Level 5 of the Dungeon
  4661 | D:5      | Reached skill level 7 in Axes
  4997 | D:5      | Reached skill level 8 in Axes
  5040 | D:5      | Reached XP level 9. HP: 63/64 MP: 9/9
  5096 | D:5      | Reached skill level 9 in Axes
  5726 | D:6      | Reached skill level 10 in Axes
  6016 | D:6      | Noticed Maggie
  6058 | D:6      | Killed Maggie
  6296 | D:6      | Found a staircase to the Ecumenical Temple.
  6332 | D:6      | Noticed Menkaure
  6340 | D:6      | Killed Menkaure
  6341 | D:6      | Reached skill level 11 in Axes
  6370 | Temple   | Entered the Ecumenical Temple
  6519 | Temple   | Became a worshipper of Qazlal Stormbringer
  6725 | D:6      | Reached XP level 10. HP: 70/70 MP: 10/10
  6837 | D:6      | Found an iron altar of Okawaru.
  7371 | D:7      | Reached skill level 1 in Invocations
  7483 | D:7      | Reached skill level 12 in Axes
  7488 | D:7      | Reached * piety under Qazlal
  7913 | D:7      | Noticed an orc knight
  7956 | D:7      | Mangled by an orc knight

Illustrated notes

Levels and vault maps discovered:
D:1:      onia_arrival_mini_spirals, layout_basic, basic_ecumenical_altar,
          serial_shops, nicolae_shop_temple_entry_statues_fountains, shop,
          nicolae_shop_trees, nicolae_shop_temple_entry_statues_fountains,
          nicolae_shop_temple_entry_statues_fountains, st_stairs_11
D:2:      minmay_roachtagon, layout_rooms, hex_medium
D:3:      layout_basic, ebering_ghost_sewer_f, uniq_jessica
D:4:      layout_layer_cave, lightli_ossuary_entry_decrepit_ruins,
          minmay_misc_feat_five, kennysheep_generic_room_9, uniq_edmund
D:5:      layout_gridville, nrook_pool_corridor,
          minmay_fractal_squares_gapless_5
D:6:      layout_layer_cave, kennysheep_mini, temple_pool_b, hex_tiny,
          grunt_ministairs_4, uniq_menkaure, uniq_maggie
D:7:      minmay_the_grid_plus_closed [minmay_the_grid_dragon_b,
          minmay_the_grid_spikes, minmay_the_grid_armoury,
          minmay_the_grid_small_cups, minmay_the_grid_prize_shrinking_boxes],
          layout_basic, uniq_duvessa
Temple:   compressed_dpeg_triangle_lava_temple

Skill      XL: |  1  2  3  4  5  6  7  8  9 10 |
---------------+-------------------------------+-----
Shields        | 4 5 6 7 8 |  8.0
Axes           | 3 4 5 6 8 11 12 | 12.2
Armour         | 4 5 |  5.0
Invocations    | 3 |  3.3
Fighting       | 4 |  4.6

Action                   |  1- 3 |  4- 6 |  7- 9 | 10-12 || total
-------------------------+-------+-------+-------+-------++-------
Melee: War axe           |    88 |   159 |   160 |       ||   407
       Hand axe          |       |       |    99 |   126 ||   225
Throw: Boomerang         |       |       |       |     4 ||     4
       Dart              |       |       |       |     3 ||     3
 Abil: Dig               |       |       |       |     3 ||     3
  Use: Scroll            |     1 |     7 |     7 |     1 ||    16
       Potion            |       |     1 |     2 |     1 ||     4
 Stab: Distracted        |     1 |       |       |       ||     1
Armor: Scale mail        |    59 |    82 |    95 |       ||   236
       Swamp dragon scal |       |       |     5 |    33 ||    38
Dodge: Dodged            |    46 |    65 |    63 |    31 ||   205
Block: Buckler           |    27 |    47 |   109 |    71 ||   254
       Reflection        |       |       |       |     5 ||     5

Table legend: (Time is in decaauts)
 A = Elapsed time spent in this place.
 B = Non-inter-level travel time spent in this place.
 C = Inter-level travel time spent in this place.
 D = Time resting spent in this place.
 E = Time spent auto-exploring this place.
 F = Levels seen in this place.
 G = Mean time per level.
                   A        B        C        D        E       F      G
               +--------+--------+--------+--------+--------+-----+--------+
         Total |   8027 |   7647 |    380 |    284 |   5618 |   8 | 1003.4 |
       Dungeon |   7689 |   7322 |    367 |    284 |   5308 |   7 | 1098.4 |
        Temple |    337 |    324 |     13 |      0 |    310 |   1 |  337.0 |
               +--------+--------+--------+--------+--------+-----+--------+

Top non-repeatable levels by time:
     D:1: 1726 daAuts
     D:6: 1418 daAuts
     D:4: 1205 daAuts
     D:3: 989 daAuts
     D:5: 962 daAuts
     D:2: 792 daAuts
     D:7: 594 daAuts
  Temple: 337 daAuts
